AoeStats
← Kuriboh

Black Forest

510472914Analyzed
4v4 RM · 2d ago on Oct 1, 2026· 59m 46s· 8 players
Game mode
Random Map
Map size
Large (8 player)
Population
200
Speed
Normal
Resources
Standard
Victory
Conquest
Starting age
Dark Age
Ending age
Imperial Age
RankedLock teamsTeams togetherTeam positionsShared explorationLock speedFull tech treeHidden civsTurbo modeCheats
Victory
Defeat
🇹🇼 Persians · Taiwan
1169
+14
🇨🇿 Bohemians · Czechia
1113
+16
🇨🇳 Danes · China
1110
+17
🇺🇸 Saxons · United States
1106
+17
🇲🇽 Franks · Mexico
1151
-17
1141
-17
🇲🇽 Celts · Mexico
1107
-15
🇲🇽 Romans · Mexico
1094
-15
JDTChief
5:05 Loom
11:28 Feudal Age
12:53 Double-Bit Axe
14:48 Wheelbarrow
18:12 Castle Age
18:12 Fletching
18:07 Fishing Lines
20:24 Bodkin Arrow
20:48 Bow Saw
20:35 Gillnets
24:06 Gold Mining
27:15 Ballistics
26:52 Murder Holes
26:48 Guard Tower
27:10 Masonry
27:21 Hand Cart
28:06 Gold Shaft Mining
27:26 Stone Mining
32:06 Treadmill Crane
35:37 Imperial Age
32:56 Town Watch
33:47 Caravan
34:04 Scale Mail Armor
34:14 Forging
35:00 Chain Mail Armor
34:09 Pikeman
34:35 Gambesons
34:50 Squires
34:35 Arson
35:45 Coinage
35:38 Horse Collar
36:22 Bracer
37:00 Keep
37:26 Chemistry
36:12 Arrowslits
36:58 Architecture
37:08 Banking
37:11 Plate Mail Armor
37:16 Iron Casting
36:20 Halberdier
37:51 Conscription
39:19 Two-Man Saw
38:26 Heavy Plow
38:15 Sappers
39:59 Elite Varangian Guard
41:26 Crop Rotation
41:32 Town Patrol
44:07 Siege Engineers
45:52 Shield Wall
xoxodniw
5:59 Loom
12:18 Feudal Age
16:13 Castle Age
14:08 Double-Bit Axe
14:33 Gold Mining
16:43 Wheelbarrow
17:15 Bow Saw
20:06 Horse Collar
21:58 Heavy Plow
23:58 Stone Mining
25:59 Gold Shaft Mining
32:30 Imperial Age
30:53 Stone Shaft Mining
30:31 Forging
30:27 Scale Barding Armor
30:33 Caravan
33:55 Imperial Age
31:43 Hand Cart
32:08 Iron Casting
32:24 Chain Barding Armor
33:25 Bloodlines
33:16 Husbandry
33:16 Town Watch
33:36 Elite War Elephant
34:30 Guilds
35:47 Blast Furnace
35:48 Two-Man Saw
35:50 Plate Barding Armor
36:05 Town Patrol
36:07 Padded Archer Armor
36:47 Plate Barding Armor
36:05 Fletching
39:01 Bodkin Arrow
39:43 Crop Rotation
39:42 Capped Ram
40:56 Siege Ram
46:53 Onager
jiri.bubnik
0:29 Loom
15:09 Feudal Age
16:01 Fishing Lines
18:52 Castle Age
17:16 Double-Bit Axe
18:08 Fletching
18:20 Horse Collar
20:33 Town Watch
23:03 Fervor
25:32 Bodkin Arrow
30:09 Wheelbarrow
31:42 Pikeman
36:08 Imperial Age
34:35 Ballistics
35:42 Forging
35:33 Scale Mail Armor
37:00 Wagenburg Tactics
36:15 Elite Hussite Wagon
39:32 Hand Cart
39:20 Town Patrol
39:25 Bracer
43:50 Iron Casting
43:31 Chain Mail Armor
42:46 Halberdier
43:27 Squires
46:35 Plate Mail Armor
47:11 Chemistry
46:07 Murder Holes
46:23 Masonry
50:31 Houfnice
51:27 Caravan
52:26 Architecture
我的哈哈哈
0:35 Loom
15:47 Feudal Age
20:09 Castle Age
18:58 Double-Bit Axe
19:34 Fishing Lines
20:25 Horse Collar
22:33 Bow Saw
23:09 Forging
27:07 Gillnets
29:22 Wheelbarrow
28:49 Town Watch
29:20 Heavy Plow
30:31 Scale Mail Armor
31:32 Hand Cart
35:56 Imperial Age
34:23 Masonry
34:35 Stone Mining
34:36 Gold Mining
35:23 Iron Casting
35:03 Chain Mail Armor
35:25 Chain Mail Armor
36:00 Squires
35:46 Gambesons
35:47 Arson
35:37 Hamask
37:11 Siege Engineers
37:53 Gold Shaft Mining
37:54 Stone Shaft Mining
38:37 Plate Mail Armor
39:59 Onager
42:44 Blast Furnace
42:54 Chemistry
42:58 Conscription
42:50 Town Patrol
42:57 Elite Varangian Guard
43:13 Northmen's Fury
46:05 Siege Onager
49:16 Caravan
57:16 Fletching
Picador Criminal Mutilador
0:35 Loom
13:56 Feudal Age
18:19 Castle Age
17:01 Horse Collar
21:05 Double-Bit Axe
32:04 Bow Saw
33:16 Heavy Plow
33:59 Wheelbarrow
33:10 Town Watch
33:58 Gold Mining
33:58 Stone Mining
35:11 Hand Cart
36:24 Gold Shaft Mining
36:24 Stone Shaft Mining
39:30 Imperial Age
37:32 Fortified Wall
37:35 Masonry
37:57 Town Patrol
39:02 Ballistics
40:29 Double Crossbow
40:36 Siege Engineers
41:32 Chemistry
39:58 Heavy Scorpion
41:59 Capped Ram
43:27 Crop Rotation
43:03 Siege Ram
44:37 Architecture
44:03 Murder Holes
46:47 Coinage
46:17 Caravan
51:58 Banking
53:46 Arson
54:36 Pikeman
56:19 Hoardings
55:24 Onager
57:06 Forging
56:56 Scale Mail Armor
57:15 Fletching
58:55 Chain Mail Armor
59:15 Iron Casting
Kuriboh
0:31 Loom
13:31 Feudal Age
16:39 Wheelbarrow
18:57 Castle Age
17:05 Double-Bit Axe
17:05 Horse Collar
26:37 Fortified Wall
29:15 Murder Holes
33:15 Imperial Age
33:32 Ballistics
33:51 Bow Saw
52:04 Heavy Scorpion
52:40 Pikeman
53:21 Squires
Pinhead Larry
0:27 Loom
13:29 Feudal Age
15:53 Double-Bit Axe
19:10 Castle Age
19:19 Horse Collar
19:32 Stone Mining
19:34 Gold Mining
20:10 Bow Saw
20:21 Fishing Lines
21:51 Gillnets
22:38 Fervor
22:42 Husbandry
25:35 Forging
26:22 Scale Barding Armor
27:25 Iron Casting
27:56 Heavy Plow
29:35 Chain Barding Armor
30:00 Wheelbarrow
29:10 Town Watch
34:40 Imperial Age
32:27 Hand Cart
32:12 Town Patrol
32:48 Caravan
34:44 Gold Shaft Mining
34:44 Stone Shaft Mining
34:44 Cavalier
37:16 Blast Furnace
36:07 Fletching
35:41 Heavy Scorpion
36:51 Scale Mail Armor
37:30 Coinage
37:10 Guilds
38:01 Furor Celtica
38:12 Conscription
37:41 Arson
37:41 Gambesons
37:17 Pikeman
39:48 Murder Holes
40:13 Ballistics
40:54 Chemistry
40:05 Masonry
39:27 Halberdier
41:17 Fortified Wall
42:59 Chain Mail Armor
42:42 Stronghold
43:07 Bodkin Arrow
43:19 Siege Engineers
44:33 Plate Mail Armor
47:54 Elite Woad Raider
49:09 Hoardings
Black Mamba
11:35 Feudal Age
13:13 Loom
20:41 Castle Age
19:35 Fletching
24:22 Double-Bit Axe
27:19 Wheelbarrow
27:30 Town Watch
28:43 Scale Barding Armor
30:09 Forging
31:05 Fishing Lines
33:31 Chain Barding Armor
33:47 Iron Casting
33:54 Husbandry
37:00 Imperial Age
35:22 Gillnets
37:44 Cavalier
39:27 Plate Barding Armor
39:52 Blast Furnace
40:24 Hand Cart
40:59 Paladin
49:33 Light Cavalry
Connection lost

Rejoining the realm…

Still unreachable

The connection could not be restored.

Session expired

The server has moved on; the page needs a fresh start.